 Dungeon Crawl Stone Soup version 0.20.1-1-g8b1a95d (webtiles) character file.

178 Sunburn the Chiller (level 5, -7/39 HPs)
             Began as a Merfolk Ice Elementalist on July 11, 2017.
             Killed by nerve-wracking pain
             ... invoked by an orc priest
              (12 damage)
             ... on level 3 of the Dungeon.
             The game lasted 00:10:53 (4516 turns).

Sunburn the Chiller (Merfolk Ice Elementalist)      Turns: 4516, Time: 00:10:54

Health: -7/39      AC:  5    Str:  5 (8)  XL:     5   Next: 58%
Magic:  5/9        EV: 13    Int: 12 (15) God:
Gold:   161        SH:  0    Dex: 15 (17) Spells: 3/9 levels left

rFire    + . .     SeeInvis .   l - +0 spear
rCold    + . .     Gourm    .   (no shield)
rNeg     . . .     Faith    .   m - +0 leather armour
rPois    +         Spirit   .   (no helmet)
rElec    +         Reflect  .   (no cloak)
rCorr    +         Harm     .   (no gloves)
MR       .....     Rnd*Tele +   (no boots)
Stlth    ++........             (no amulet)
Regen    0.2/turn               c - ring of teleportation (curse)
MPRegen  0.2/turn               (no ring)

@: resistant, very slightly contaminated
A: change form in water, swift swim, stealthy swim, yellow scales 1, agile 1
a: no special abilities


You were on level 3 of the Dungeon.
You were not hungry.

You visited 1 branch of the dungeon, and saw 3 of its levels.

You collected 161 gold pieces.

Inventory:

Hand Weapons
 k - a cursed -1 flail
 l - a +0 spear (weapon)
Missiles
 e - 50 stones (quivered)
 g - 10 poisoned needles
Armour
 a - a +0 robe
 h - a +0 pair of boots
 i - a +0 leather armour
 m - a +0 leather armour (worn)
Jewellery
 c - a cursed ring of teleportation (left hand)
Scrolls
 j - a scroll of amnesia
 n - a scroll of identify
Potions
 d - a potion of degeneration
Books
 b - a book of Frost

   Spells                             Type                      Level
   a - Freeze                         Ice                          1
   b - Throw Frost                    Conjuration/Ice              2
   c - Ozocubu's Armour               Charms/Ice                   3
   d - Throw Icicle                   Conjuration/Ice              4
   e - Summon Ice Beast               Ice/Summoning                4
Comestibles
 f - 3 chunks of flesh


   Skills:
 - Level 2.7 Fighting
 * Level 0.4 Polearms
 + Level 3.5 Dodging
 - Level 2.1 Stealth
 * Level 2.9 Spellcasting
 * Level 1.0 Conjurations
 * Level 1.0 Charms
 * Level 4.4 Ice Magic


You had 3 spell levels left.
You knew the following spells:

 Your Spells              Type           Power        Failure   Level  Hunger
a - Freeze                Ice            ##..         7%          1    #......
b - Throw Frost           Conj/Ice       #.....       21%         2    ###....
c - Ozocubu's Armour      Chrm/Ice       #.......     36%         3    ###....


Dungeon Overview and Level Annotations

Branches:
Dungeon (3/15)

Altars:


Innate Abilities, Weirdness & Mutations

You revert to your normal form in water.
You are very nimble and swift while swimming.
You are very stealthy in the water. (Stealth+)
You are partially covered in yellow scales. (AC +2)
You are agile. (Dex +2)


Message History

The stone barely misses you.
The gnoll hits you from afar with a spear of piercing!
* * * LOW HITPOINT WARNING * * *
x2
Okay, then.
The hobgoblin throws a stone.
The stone hits you.
* * * LOW HITPOINT WARNING * * *
You see here a stone.
The orc shouts!
The hobgoblin closely misses you. The hobgoblin closely misses you.
The hobgoblin throws a stone.
The stone barely misses you.
The orc priest hits you but does no damage.
You see here a stone.
e - 50 stones (gained 1)
The hobgoblin throws a stone.
The stone closely misses you.
Okay, then.
The orc priest hits you but does no damage.
The orc priest invokes the aid of Beogh against you.
Pain shoots through your body!
You die...

..
#..o...##..#...#.#
#####
###.##.##..###.#..
....# ####o# ....#
#...## ###.# #...g#
####.# ##.##
#...###.##g######.#
.#
.#####.........##..
.#
.....#.....o#######
.#
.###.#.....ggg.####
## #.#.....###o.@.#
#.#.....# #.##.#
#.#########.# .#
.#........#### ..
#.########.# ### ..
#..# .%. .# #.##
##.# .# #.# #.# .#
#.###. #.#


You could see an orc priest, 2 gnolls, an orc and a hobgoblin.

Vanquished Creatures
  3 adders
  4 gnolls (D:3)
  An ooze (D:1)
  2 worms
  5 dart slugs
  3 leopard geckos
  An orc (D:3)
  5 giant cockroaches
  8 goblins
  10 hobgoblins
  9 jackals
  9 kobolds
  2 ball pythons
  12 bats
  2 frilled lizards (D:2)
  9 rats
85 creatures vanquished.

Notes
Turn   | Place    | Note
-------+----------+-------------------------------------------
     0 | D:1      | Sunburn the Merfolk Ice Elementalist began the quest for the Orb.
     0 | D:1      | Reached XP level 1. HP: 13/13 MP: 3/3
    32 | D:1      | Reached XP level 2. HP: 13/19 MP: 3/5
   314 | D:1      | You fall through a shaft!
   560 | D:2      | Learned a level 2 spell: Throw Frost
   704 | D:1      | Reached XP level 3. HP: 24/24 MP: 1/6
   792 | D:1      | Reached skill level 4 in Ice Magic
   805 | D:1      | Learned a level 3 spell: Ozocubu's Armour
  1199 | D:1      | Reached skill level 1 in Fighting
  2020 | D:1      | Reached XP level 4. HP: 23/34 MP: 0/7
  2865 | D:2      | Reached skill level 1 in Conjurations
  3422 | D:2      | Reached XP level 5. HP: 36/39 MP: 4/8
  3507 | D:3      | Gained mutation: You are agile. (Dex +2) [potion of mutation]
  3507 | D:3      | Gained mutation: You are partially covered in yellow scales. (AC +2) [potion of mutation]
  3936 | D:3      | Reached skill level 1 in Charms
  4516 | D:3      | Killed from afar by an orc priest

Skill      XL: |  1  2  3  4  5 |
---------------+----------------+-----
Dodging        | 3 |  3.5
Ice Magic      | 4 |  4.4
Fighting       | 2 |  2.7
Conjurations   | 1 |  1.0
Charms         | 1 |  1.0
Polearms       | |  0.4
Stealth        | |  2.1
Spellcasting   | |  2.9

Action                   |  1- 3 |  4- 6 || total
-------------------------+-------+-------++-------
Melee: Hand axe          |   115 |   108 ||   223
       Spear             |       |    78 ||    78
 Cast: Freeze            |    14 |    14 ||    28
       Throw Frost       |    11 |    16 ||    27
  Use: Scroll            |     2 |     3 ||     5
       Potion            |     2 |     7 ||     9
 Stab: Sleeping          |     1 |     4 ||     5
       Distracted        |       |     1 ||     1
  Eat: Chunk             |     1 |     4 ||     5
       Bread ration      |     1 |       ||     1
       Meat ration       |       |     1 ||     1
Armor: Robe              |    13 |       ||    13
       Leather armour    |    27 |    60 ||    87
Dodge: Dodged            |   101 |   188 ||   289
